[Event "SVK-ch Open 2018"]
[Site "Banska Stiavnica"]
[Date "2018.07.15"]
[Round "9"]
[White "Istok, Vojtech"]
[Black "Jamrich, Gyorgy"]
[Result "0-1"]
[ECO "A27"]
[WhiteElo "1971"]
[BlackElo "2200"]
[Annotator "NA"]
[PlyCount "90"]
[EventDate "2018.07.07"]
[EventType "swiss"]
[EventCountry "SVK"]
[SourceTitle "playchess.com"]
[Source "ChessBase"]
[SourceQuality "1"]
[TimeControl "40/5400+30:1800+30"]

1. c4 e5 2. Nc3 Nc6 3. Nf3 g6 4. g3 Bg7 5. Bg2 Nge7 6. O-O O-O 7. b3 Nd4 8. e3 Nxf3+ 9. Bxf3 f5 10. d4 e4 11. Bg2 c6 12. Ba3 d6 13. b4 Be6 14. Qe2 a6 15. c5 d5 16. Bc1 g5 17. Rd1 Ng6 18. f3 exf3 19. Bxf3 Qd7 20. Na4 Rae8 21. Nb6 Qc7 22. Bh5 Rf6 23. Rf1 Bf7 24. Qf2 Nf8 25. Bxf7+ Qxf7 26. Bd2 Ng6 27. a4 f4 28. exf4 gxf4 29. gxf4 Nxf4 30. Bxf4 Re4 31. Be5 Rxf2 32. Rxf2 Qg6+ 33. Rg2 Rg4 34. Rxg4 Qxg4+ 35. Kf2 Qf5+ 36. Kg2 Qe4+ 37. Kh3 Qf3+ 38. Bg3 h5 39. Re1 h4 40. Kxh4 Bf6+ 41. Kh3 Bxd4 42. Re8+ Kf7 43. Rb8 Bf6 44. Rxb7+ Kg6 45. Nd7 Qf1+ 0-1

[Event "SVK-ch Open 2018"]
[Site "Banska Stiavnica"]
[Date "2018.07.15"]
[Round "9"]
[White "Panko, Eduard"]
[Black "Mandak, Miroslav"]
[Result "1/2-1/2"]
[ECO "B20"]
[WhiteElo "1958"]
[BlackElo "1989"]
[Annotator "NA"]
[PlyCount "48"]
[EventDate "2018.07.07"]
[EventType "swiss"]
[EventCountry "SVK"]
[SourceTitle "playchess.com"]
[Source "ChessBase"]
[SourceQuality "1"]
[TimeControl "40/5400+30:1800+30"]

1. e4 c5 2. a3 g6 3. Nc3 Bg7 4. b4 d6 5. Rb1 Nc6 6. Bc4 e6 7. bxc5 dxc5 8. Nge2 Nge7 9. O-O O-O 10. d3 b6 11. Be3 Nd4 12. f3 Nec6 13. Bf2 Bb7 14. Nxd4 cxd4 15. Ne2 Na5 16. Rb4 Rc8 17. Ba2 Nc6 18. Rb1 Qe7 19. Qc1 Rfd8 20. Qb2 Rd7 21. Bb3 b5 22. f4 a6 23. Be1 Kh8 24. Bd2 Qd8 1/2-1/2

[Event "SVK-ch Open 2018"]
[Site "Banska Stiavnica"]
[Date "2018.07.15"]
[Round "9"]
[White "Gzib, David"]
[Black "Horvath, Julia"]
[Result "0-1"]
[ECO "C41"]
[WhiteElo "1939"]
[BlackElo "2107"]
[Annotator "NA"]
[PlyCount "54"]
[EventDate "2018.07.07"]
[EventType "swiss"]
[EventCountry "SVK"]
[SourceTitle "playchess.com"]
[Source "ChessBase"]
[SourceQuality "1"]
[TimeControl "40/5400+30:1800+30"]

1. e4 d6 2. Nf3 e5 3. d4 Nd7 4. dxe5 dxe5 5. Bc4 c6 6. O-O Be7 7. Qe2 h6 8. Rd1 Qc7 9. Nbd2 b5 10. Bd3 Nc5 11. Nf1 Nf6 12. Ng3 O-O 13. h3 Re8 14. Be3 a5 15. c3 Nxd3 16. Qxd3 Be6 17. Qc2 Red8 18. a4 Rdb8 19. axb5 cxb5 20. b3 a4 21. bxa4 bxa4 22. c4 a3 23. Rd3 Qxc4 24. Rc3 Qb5 25. Bc1 a2 26. Nd2 Bb4 27. Rd3 Rc8 0-1

[Event "SVK-ch Open 2018"]
[Site "Banska Stiavnica"]
[Date "2018.07.15"]
[Round "9"]
[White "Kucera, Michal"]
[Black "Volcko, Richard"]
[Result "0-1"]
[ECO "C78"]
[WhiteElo "1921"]
[BlackElo "2068"]
[Annotator "NA"]
[PlyCount "94"]
[EventDate "2018.07.07"]
[EventType "swiss"]
[EventCountry "SVK"]
[SourceTitle "playchess.com"]
[Source "ChessBase"]
[SourceQuality "1"]
[TimeControl "40/5400+30:1800+30"]

1. e4 e5 2. Nf3 Nc6 3. Bb5 a6 4. Ba4 Nf6 5. O-O Bc5 6. c3 b5 7. Bc2 d5 {[%emt 0:00:56] C78: Ruy Lopez: Archangelsk and Möller Defences} 8. d4 (8. a4 dxe4 9. axb5 exf3 10. Qxf3 e4 11. Bxe4 Ne5 12. Qe2 O-O 13. d4 Bg4 14. Qc2 Nxe4 15. Qxe4 {½-½ (51) Pichot,A (2552)-Yu,Y (2760) chess.com INT 2018}) 8... dxe4 9. Ng5 exd4 10. Nxe4 Nxe4 11. Bxe4 Bb7 12. Re1 Kf8 13. cxd4 $146 ({Predecessor:} 13. Qh5 Bb6 14. a4 Na5 15. Bxb7 Nxb7 16. axb5 axb5 17. Rxa8 Qxa8 {1-0 (33) Lopez Perdomo,J (2150)-Vlashki,N (2262) Benidorm 2009}) 13... Bxd4 14. Qf3 Qf6 15. Nc3 Qxf3 16. Bxf3 b4 17. Nd1 Na5 18. Bd2 c5 19. Bf4 Bxf3 20. gxf3 f6 21. Rc1 Kf7 22. Bc7 Nb7 23. b3 Rhe8 24. Ne3 Re7 25. Nd5 Rxe1+ 26. Rxe1 Re8 27. Rxe8 Kxe8 28. Ne3 Kd7 29. Bb8 Nd6 30. Bxd6 Kxd6 31. Nf5+ Kd5 32. Nxg7 c4 33. Kf1 c3 34. Ke2 Bxf2 35. Kd3 Bg1 36. Ne8 Ke5 37. Nc7 a5 38. h3 Bb6 39. f4+ Kf5 40. Nd5 Bc5 41. Kc2 $19 Ba7 42. a3 Bc5 43. axb4 axb4 44. Kd3 h5 45. Ke2 h4 46. Kd3 Bd6 47. Kc2 Ke6 0-1

[Event "SVK-ch Open 2018"]
[Site "Banska Stiavnica"]
[Date "2018.07.15"]
[Round "9"]
[White "Gresova, Zuzana"]
[Black "Panko, Radoslav"]
[Result "1/2-1/2"]
[ECO "C05"]
[WhiteElo "1920"]
[BlackElo "2049"]
[Annotator "NA"]
[PlyCount "157"]
[EventDate "2018.07.07"]
[EventType "swiss"]
[EventCountry "SVK"]
[SourceTitle "playchess.com"]
[Source "ChessBase"]
[SourceQuality "1"]
[TimeControl "40/5400+30:1800+30"]

1. e4 e6 2. d4 d5 3. Nd2 Nf6 4. e5 Nfd7 5. f4 c5 6. Ngf3 Nc6 7. Nb3 f6 8. Bb5 fxe5 9. fxe5 Be7 10. O-O O-O 11. c3 c4 12. Nbd2 Qa5 13. a4 Ndb8 14. Qc2 a6 15. Bxc6 Nxc6 16. b4 Qd8 17. h3 Bd7 18. Nh2 Rxf1+ 19. Ndxf1 Be8 20. Be3 Bg6 21. Qd2 Qe8 22. Ng3 Bd3 23. Ne2 Qg6 24. Nf4 Qf5 25. Nxd3 cxd3 26. Rf1 Qg6 27. Ng4 Bh4 28. Rd1 b5 29. a5 h5 30. Nh2 Ne7 31. Qxd3 Qxd3 32. Rxd3 Nf5 33. Nf3 Be7 34. Bg5 Bf8 35. Nd2 Rc8 36. g3 Kf7 37. Kg2 Kg6 38. Nf3 Rc7 39. g4 hxg4 40. hxg4 Nh6 41. Bxh6 Kxh6 42. Nd2 Kg6 43. Kg3 Be7 44. Rf3 Rc8 45. Nb3 Rh8 46. Rf1 Rc8 47. Rf3 Rh8 48. Nc1 Bh4+ 49. Kg2 Rc8 50. Nd3 Bg5 51. Nc5 Rc6 52. Kf2 Be7 53. Nb3 Rc8 54. Kg2 Kh7 55. Nc1 Bxb4 56. cxb4 Rxc1 57. Rf7 Rc4 58. Ra7 Rxd4 59. Rxa6 Rxg4+ 60. Kf3 Rxb4 61. Rxe6 Ra4 62. a6 Kg8 63. Rb6 Kf7 64. Rd6 d4 65. Ke4 Ke7 66. Rg6 Kf7 67. Rb6 Ke7 68. Rd6 Kf7 69. Kf5 d3 70. e6+ Ke8 71. Rxd3 Rxa6 72. Rc3 Ra1 73. Rc8+ Ke7 74. Rc7+ Ke8 75. Rxg7 Rf1+ 76. Ke5 Re1+ 77. Kd6 Rd1+ 78. Kc5 Re1 79. Kxb5 1/2-1/2

[Event "SVK-ch Open 2018"]
[Site "Banska Stiavnica"]
[Date "2018.07.15"]
[Round "9"]
[White "Hyll, Jan"]
[Black "Brozyna, Mateusz"]
[Result "1-0"]
[ECO "A48"]
[WhiteElo "1915"]
[BlackElo "2098"]
[Annotator "NA"]
[PlyCount "99"]
[EventDate "2018.07.07"]
[EventType "swiss"]
[EventCountry "SVK"]
[SourceTitle "playchess.com"]
[Source "ChessBase"]
[SourceQuality "1"]
[TimeControl "40/5400+30:1800+30"]

1. Nf3 Nf6 2. d4 g6 3. e3 Bg7 4. Bd3 O-O 5. O-O d6 6. h3 c5 7. c3 Nbd7 8. Nbd2 b6 9. Qe2 e5 10. dxe5 dxe5 11. e4 Qc7 12. Re1 a6 13. Nf1 Bb7 14. Bg5 h6 15. Bd2 Rfe8 16. c4 Nf8 17. Bc3 Nh5 18. Ne3 Nf4 19. Qc2 Nxd3 20. Qxd3 Bc6 21. Nd5 Qb8 22. Re2 Ne6 23. g3 Ra7 24. Rae1 Rb7 25. Nh2 b5 26. b3 h5 27. Nf3 a5 28. h4 a4 29. Ng5 axb3 30. axb3 bxc4 31. bxc4 Rb3 32. Ra2 Nd4 33. Rea1 Qd8 34. Ra3 Rb7 35. Ra7 Bh6 36. Rxb7 Bxb7 37. Ba5 Qd6 38. Bc7 Qc6 39. Rb1 Ba6 40. Rb6 Qa4 41. Nf6+ Kf8 42. Bd6+ Kg7 43. Nxe8+ Qxe8 44. Rxa6 Qc8 45. Bxe5+ Kg8 46. Rb6 Bf8 47. Rb8 Qg4 48. Bd6 Kg7 49. Bxf8+ Kf6 50. Rb6+ 1-0

[Event "SVK-ch Open 2018"]
[Site "Banska Stiavnica"]
[Date "2018.07.15"]
[Round "9"]
[White "Marsina, Stefan"]
[Black "Tepper, Frantisek"]
[Result "1/2-1/2"]
[ECO "C01"]
[WhiteElo "1908"]
[BlackElo "2050"]
[Annotator "NA"]
[PlyCount "31"]
[EventDate "2018.07.07"]
[EventType "swiss"]
[EventCountry "SVK"]
[SourceTitle "playchess.com"]
[Source "ChessBase"]
[SourceQuality "1"]
[TimeControl "40/5400+30:1800+30"]

1. e4 e6 2. d4 d5 3. exd5 exd5 4. Bd3 Bd6 5. Ne2 Nf6 6. O-O Bg4 7. h3 Bh5 8. c3 c6 9. Bg5 Nbd7 10. Re1 O-O 11. g4 Bg6 12. Bxg6 hxg6 13. Qc1 Qc7 14. Nd2 Rfe8 15. Nf3 Ne4 16. Kg2 1/2-1/2

[Event "SVK-ch Open 2018"]
[Site "Banska Stiavnica"]
[Date "2018.07.15"]
[Round "9"]
[White "Pereszlenyi, Gejza"]
[Black "Gyerpal, Adrian"]
[Result "0-1"]
[ECO "B24"]
[WhiteElo "1899"]
[BlackElo "1990"]
[Annotator "NA"]
[PlyCount "69"]
[EventDate "2018.07.07"]
[EventType "swiss"]
[EventCountry "SVK"]
[SourceTitle "playchess.com"]
[Source "ChessBase"]
[SourceQuality "1"]
[TimeControl "40/5400+30:1800+30"]

1. e4 c5 2. Nc3 Nc6 3. g3 g6 4. Bg2 Bg7 5. Nge2 e6 6. d3 Nge7 7. O-O O-O 8. Be3 Nd4 9. Qd2 Nec6 10. f4 d6 11. h3 Rb8 12. a4 a6 13. Kh2 Bd7 14. Bg1 b5 15. axb5 axb5 16. Nxd4 Nxd4 17. b3 Qc7 18. Ra2 Bc6 19. Rfa1 b4 20. Nd1 Nb5 21. Rc1 Ra8 22. Rxa8 Rxa8 23. Ne3 Ra2 24. Qd1 Bb2 25. Nc4 Bxc1 26. Qxc1 f5 27. h4 d5 28. Ne5 Bb7 29. exf5 exf5 30. Kh3 d4 31. Nf3 Na3 32. Qe1 Rxc2 33. Qe6+ Kg7 34. h5 gxh5 35. Qxf5 0-1

[Event "SVK-ch Open 2018"]
[Site "Banska Stiavnica"]
[Date "2018.07.15"]
[Round "9"]
[White "Rabovszky, Gyorgy"]
[Black "Sosovicka, Jakub"]
[Result "0-1"]
[ECO "B23"]
[WhiteElo "1807"]
[BlackElo "2078"]
[Annotator "NA"]
[PlyCount "40"]
[EventDate "2018.07.07"]
[EventType "swiss"]
[EventCountry "SVK"]
[SourceTitle "playchess.com"]
[Source "ChessBase"]
[SourceQuality "1"]
[TimeControl "40/5400+30:1800+30"]

1. e4 c5 2. Nc3 Nc6 3. f4 e6 4. Bc4 Nge7 5. Nf3 d5 6. exd5 exd5 7. Be2 g6 8. d4 c4 9. Be3 Bg7 10. Qd2 O-O 11. O-O-O a6 12. h4 b5 13. h5 b4 14. Nb1 Qa5 15. c3 Qxa2 16. Nh4 Na5 17. Qe1 Nf5 18. Bf3 Nxh4 19. Qxh4 Nb3+ 20. Kc2 Bf5+ 0-1

[Event "SVK-ch Open 2018"]
[Site "Banska Stiavnica"]
[Date "2018.07.15"]
[Round "9"]
[White "Hagara, Eduard"]
[Black "Sandor, Martin"]
[Result "0-1"]
[ECO "A01"]
[WhiteElo "1758"]
[BlackElo "1968"]
[Annotator "NA"]
[PlyCount "38"]
[EventDate "2018.07.07"]
[EventType "swiss"]
[EventCountry "SVK"]
[SourceTitle "playchess.com"]
[Source "ChessBase"]
[SourceQuality "1"]
[TimeControl "40/5400+30:1800+30"]

1. b3 e5 2. Bb2 Nc6 3. e3 Nf6 4. c4 Be7 5. Nc3 O-O 6. Bd3 d5 7. Bb1 Be6 8. cxd5 Nxd5 9. Nf3 Bf6 10. Ne4 Bg4 11. Nxf6+ Qxf6 12. Be4 Nde7 13. Qc2 Bf5 14. h3 Qg6 15. Bxf5 Nxf5 16. g4 Nh4 17. Qxg6 Nxf3+ 18. Ke2 fxg6 19. h4 e4 0-1